[Event "Early-Titled-Tuesday-Blitz-February-13-2024"]
[Site "Chess.com"]
[Date "2024.02.13"]
[Round "5"]
[White "InitiatingASC"]
[Black "Kirill_Klukin"]
[Result "0-1"]
[WhiteElo "2410"]
[BlackElo "2806"]
[TimeControl "180+1"]
[EndTime "9:00:12 PST"]
[Termination "Kirill_Klukin won by checkmate"]

1. d4 Nf6 2. c4 Nc6 3. e3 d6 4.
Bd3 e5 5. Ne2 g6 6. Nbc3 Bg7 7. d5 Ne7 8. e4 O-O 9. f3 a5 10. Be3 Nh5 11. Qd2 f5 12. O-O-O Nf6 13. Kb1 a4 14. a3 Bd7 15. Nc1 fxe4 16. fxe4 Ng4 17. Bg1 Bh6 18. Qe2 Nf6 19. h3 Nh5 20. Bh2 Nf4 21. Qc2 c5 22. Rdf1 Qa5 23. Rhg1 Rab8 24.
N1e2 Nxd3 25. Qxd3 b5 26. cxb5 Bxb5 27. Nxb5 Rxb5 28.
Rxf8+ Bxf8 29. Nc3 Rb8 30. Rf1 Nc8 31. Qf3 Nb6 32. Qf7+ Kh8 33. Qf6+ Kg8 34. Qf7+ Kh8 35. Qf6+ Bg7 36. Qxd6 Re8 37. Rf7 Nc4 38. Qd7 Nxa3+ 39. Ka2 Rb8 40. Rxg7 Rxb2+ 41. Kxb2 Qb4+ 42. Ka2 Qb3+ 43. Ka1 Nc2# 0-1

[Event "Early-Titled-Tuesday-Blitz-February-13-2024"]
[Site "Chess.com"]
[Date "2024.02.13"]
[Round "5"]
[White "profedechess93"]
[Black "TigrVShlyape"]
[Result "0-1"]
[WhiteElo "2626"]
[BlackElo "2866"]
[TimeControl "180+1"]
[EndTime "9:00:15 PST"]
[Termination "TigrVShlyape won by resignation"]

1. e4 e5 2. Nf3 Nc6 3. d4 exd4 4. Bc4 Nf6 5. O-O Nxe4 6. Re1 d5 7. Bxd5 Qxd5 8.
Nc3 Qh5 9. Nxe4 Be7 10. Bg5 O-O 11. Bxe7 Nxe7 12. Nf6+ gxf6 13. Rxe7 c5 14. Qd2 Bg4 15. Ne1 b6 16. h3 Be6 17. Nd3 Rfe8 18. Rc7 Qg5 19. Qf4 Bd5 20. f3 Re2 21. Qxg5+ fxg5 22. Rc1 a5 23. a3 c4 24. Nf2 Rd8 25. Ng4 Kg7 26. h4 h5 27. Nf2 g4 28. fxg4 hxg4 29. Kf1 d3 30. cxd3 cxd3 31. Nxd3 Rxg2 32. Nf4 Rh2 33. Nxd5 Rxd5 34. Re1 Rdd2 35. Kg1 Rdg2+ 36. Kf1 Rxb2 37. Kg1 Rbg2+ 38. Kf1 Rh1+ 39. Kxg2 Rxe1 40. Kg3 Re3+ 41. Kxg4 Rxa3 42. h5 Rb3 43. Kg5 Rb5+ 44. Kg4 a4 45. Ra7 Ra5 46. Kh4 Rxa7 0-1

[Event "Early-Titled-Tuesday-Blitz-February-13-2024"]
[Site "Chess.com"]
[Date "2024.02.13"]
[Round "5"]
[White "The_Straightforward_Rook"]
[Black "SkinnyPuppy8"]
[Result "1-0"]
[WhiteElo "2420"]
[BlackElo "2237"]
[TimeControl "180+1"]
[EndTime "9:00:15 PST"]
[Termination "The_Straightforward_Rook won by resignation"]

1. Nf3 d5 2. d4 c6 3. e3 Bf5 4. Bd3 Bg6 5. O-O Nd7 6. c4 e6 7. Bxg6 hxg6 8. Nbd2 f5 9. Qb3 Qb6 10. c5 Qc7 11. g3 e5 12. Nxe5 Nxe5 13. dxe5 Bxc5 14. Nf3 O-O-O 15. Bd2 Re8 16. Rfc1 Bb6 17. a4 a6 18. Bc3 Nh6 19. Bd4 Ba5 20. Qc2 Nf7 21. b4 Bxb4 22. Rab1 a5 23. h4 Nd8 24.
Ne1 Ne6 25. Nd3 g5 26. hxg5 Nxg5 27. Nxb4 Nf3+ 28. Kg2 Nxe5 29. Qxf5+ Nd7 30. Nxd5 Qd6 31. Nb6+ Kd8 32. Qxd7+ Qxd7 33. Nxd7 Kxd7 34. Rxb7+ Kd6 35. Rxg7 Rhf8 36. Rg6+ Kd5 37. Rc5+ Ke4 38. Rcxc6 Kd3 39. Rcd6 Ke2 40. Rgf6 Rh8 41. Rb6 Rh5 42. Rb5 Rh7 43.
Rf4 Reh8 44. Bxh8 Rxh8 45. Rxa5 Kd3 46. Rd5+ Ke2 47. a5 Rb8 48. a6 Rb1 49. Ra5 Rb8 50. a7 Ra8 51. Rb4 1-0

[Event "Early-Titled-Tuesday-Blitz-February-13-2024"]
[Site "Chess.com"]
[Date "2024.02.13"]
[Round "5"]
[White "PepeCuenca"]
[Black "FARIZA2018"]
[Result "0-1"]
[WhiteElo "2702"]
[BlackElo "2527"]
[TimeControl "180+1"]
[EndTime "9:00:16 PST"]
[Termination "FARIZA2018 won by checkmate"]

1. d4 Nf6 2. c4 e6 3. Nf3 d5 4. Nc3 Be7 5. Bf4 O-O 6. e3 b6 7. Bd3 dxc4 8. Bxc4 Bb7 9. Qe2 c5 10. dxc5 Bxc5 11. O-O Nbd7 12. a3 Qe7 13. Rfd1 a5 14.
Nb5 Ne4 15. h3 Ndf6 16. Ne5 Rfd8 17. Nd3 Nd5 18. Bh2 Nxf2 19. Nxf2 Nxe3 20. Rxd8+ Rxd8 21. b4 Qg5 22. g3 Nxc4 23. bxc5 Qxc5 24. Nc3 Rd2 25. Qe1 Ne5 26. Kf1 Nf3 27. Qxd2 Nxd2+ 28. Ke2 Nf3 29. Rc1 Qc4+ 30. Kd1 Qd4+ 31. Ke2 Qd2+ 32. Kf1 Qxc1+ 33. Ke2 Qd2+ 34. Kf1 Qe1+ 35. Kg2 Nh4# 0-1

[Event "Early-Titled-Tuesday-Blitz-February-13-2024"]
[Site "Chess.com"]
[Date "2024.02.13"]
[Round "5"]
[White "bancsoo"]
[Black "pifion"]
[Result "1/2-1/2"]
[WhiteElo "2906"]
[BlackElo "2678"]
[TimeControl "180+1"]
[EndTime "9:00:17 PST"]
[Termination "Game drawn by repetition"]

1. Nf3 d5 2. g3 Nf6 3. Bg2 e6 4. O-O b6 5. c4 Bb7 6. cxd5 exd5 7. d4 Bd6 8. Nc3 O-O 9. Nb5 a6 10. Nxd6 cxd6 11. Bg5 Nbd7 12. Rc1 h6 13. Bf4 Ne4 14. Qd3 Ndf6 15. Nd2 Re8 16. Nxe4 dxe4 17. Qa3 d5 18. Bh3 b5 19. Bc7 Qe7 20. Qxe7 Rxe7 21. Bd6 Ree8 22. Rc7 Bc8 23. Bg2 Bg4 24. e3 Rec8 25. Rc5 Be6 26. Rfc1 Ne8 27. Be7 f5 28. Bf1 Kf7 29. Rxc8 Rxc8 30.
Rxc8 Bxc8 31. Bc5 Nc7 32. Be2 Ne6 33. Bd6 Bd7 34. h4 g6 35. Kf1 a5 36. Ke1 Bc6 37.
Kd2 Nd8 38. Bc7 Nb7 39. Bf4 h5 40. Bc7 Ke6 41. Kc3 Kd7 42. Bb6 Kd6 43. a3 Kd7 44. b3 Kd6 45. Kb2 Be8 46. Bd1 Bd7 47. a4 bxa4 48. bxa4 Kc6 49. Ba7 Kc7 50. Ka3 Nd6 51.
Be2 Nc4+ 52. Kb3 Nd2+ 53. Kc3 Nb1+ 54. Kc2 Na3+ 55. Kb3 Nc4 56. Bc5 Be6 57. Kc3 Kc6 58.
Be7 Kb6 59. Bd8+ Ka6 60. Bc7 Bf7 61. Bd8 Be6 62. Bc7 Bf7 63. Bd8 Be6 1/2-1/2

[Event "Early-Titled-Tuesday-Blitz-February-13-2024"]
[Site "Chess.com"]
[Date "2024.02.13"]
[Round "5"]
[White "dropstoneDP"]
[Black "bazar-wokzal"]
[Result "1-0"]
[WhiteElo "3062"]
[BlackElo "2672"]
[TimeControl "180+1"]
[EndTime "9:00:18 PST"]
[Termination "dropstoneDP won on time"]

1. e4 Nc6 2. Nf3 d5 3. exd5 Qxd5 4. Nc3 Qa5 5. Bb5 Bd7 6. b4 Qxb4 7. Rb1 Qa5 8. O-O Nf6 9. Re1 e6 10. Ne5 Bb4 11.
Nc4 Bxc3 12. Nxa5 Bxa5 13. Ba3 O-O-O 14. c3 Bb6 15. d4 Na5 16. Bxd7+ Rxd7 17. Bb4 Nc6 18.
Qb3 Rhd8 19. Bc5 Na5 20. Qa4 Nd5 21. Rec1 Bxc5 22. dxc5 b6 23. g3 Nf6 24. Qb5 Rd5 25.
Qa6+ Kb8 26. Qxa5 Rd1+ 27. Rxd1 Rxd1+ 28. Rxd1 bxa5 29. Rd8+ Kb7 30. Rf8 Ne4 31. Rxf7 Nxc3 32. a3 Nb5 33. Rxg7 Nxa3 34. Rxh7 Kc6 35. Kf1 a4 36.
Ke2 Nc4 37. Rh4 Kb5 38. Kd3 Ne5+ 39. Kc3 a3 40. Kb3 Nf3 41. Rf4 Nxh2 42. Kxa3 Kxc5 43. Rf7 1-0

[Event "Early-Titled-Tuesday-Blitz-February-13-2024"]
[Site "Chess.com"]
[Date "2024.02.13"]
[Round "5"]
[White "GM_dmitrij"]
[Black "DamianoLew95"]
[Result "1-0"]
[WhiteElo "3046"]
[BlackElo "2721"]
[TimeControl "180+1"]
[EndTime "9:00:18 PST"]
[Termination "GM_dmitrij won by resignation"]

1. d4 Nf6 2. Nf3 b6 3. c4 Bb7 4. g3 e6 5. Bg2 Be7 6. O-O O-O 7. Nc3 Ne4 8. h4 Nxc3 9. bxc3 Be4 10. Bf4 d6 11. a4 Nd7 12. a5 bxa5 13. Rxa5 Nb6 14. Nd2 Bxg2 15. Kxg2 c5 16. Qa1 Bf6 17. dxc5 dxc5 18.
Rxc5 Rc8 19. Rxc8 Qxc8 20. Ne4 Qc6 21. f3 Qxc4 22. Nxf6+ gxf6 23. e4 a6 24. Qa5 Qb5 25. Qxb5 axb5 26. Rb1 Rc8 27. Bd2 Nc4 28. Be1 Na3 29.
Rb3 Ra8 30. Kf2 Kf8 31. Ke2 Ke7 32. Bd2 Nc4 33. Bh6 Ra2+ 34. Kd3 Rb2 35. Rxb2 Nxb2+ 36. Kd4 Na4 37. f4 e5+ 38. fxe5 fxe5+ 39. Kxe5 Nxc3 40.
Bd2 Na4 41. Bb4+ Ke8 42. Kf6 Nb6 43. h5 Nd7+ 44. Kg7 Ne5 45. Kxh7 Ng4 46. Kg7 1-0

[Event "Early-Titled-Tuesday-Blitz-February-13-2024"]
[Site "Chess.com"]
[Date "2024.02.13"]
[Round "5"]
[White "theoneandonlydaaevik"]
[Black "DucksParadise"]
[Result "1-0"]
[WhiteElo "2426"]
[BlackElo "2507"]
[TimeControl "180+1"]
[EndTime "9:00:18 PST"]
[Termination "theoneandonlydaaevik won by resignation"]

1. c4 e6 2. Nf3 d5 3. g3 Nf6 4.
Bg2 Be7 5. O-O O-O 6. d4 c6 7.
Qc2 b6 8. b3 Bb7 9. Nbd2 Na6 10. a3 c5 11. dxc5 Nxc5 12. b4 Nce4 13. Bb2 Rc8 14.
Qb3 Nxd2 15. Nxd2 dxc4 16. Qc3 Bxg2 17. Kxg2 b5 18. Rfd1 Qd5+ 19. Nf3 Qe4 20. Rd7 Rfe8 21. Rad1 Bf8 22. Rxa7 Qxe2 23. Re1 Qd3 24. Qxd3 cxd3 25. Rd1 Red8 26. Ne5 Rc2 27. Nxf7 Rd5 28. Nh6+ gxh6 29.
Bxf6 d2 30. Kf1 Ra2 31. Ke2 Bxb4 32. Ra8+ Kf7 33. Bh8 Bc3 34. Bxc3 Rc2 35. Bxd2 e5 36. f3 Rd7 37. Ra6 Kg7 38. Rb6 Rd5 39. Ke3 Ra2 40.
Ke2 Rxa3 41. Ke1 Rxf3 42. Bxh6+ Kf7 43. Rxd5 1-0

[Event "Early-Titled-Tuesday-Blitz-February-13-2024"]
[Site "Chess.com"]
[Date "2024.02.13"]
[Round "5"]
[White "Dyadya81"]
[Black "MokshAD1603"]
[Result "1-0"]
[WhiteElo "2820"]
[BlackElo "2605"]
[TimeControl "180+1"]
[EndTime "9:00:19 PST"]
[Termination "Dyadya81 won by resignation"]

1. e4 e5 2. d4 exd4 3. Qxd4 Nc6 4. Qe3 Nf6 5. Nc3 Bb4 6. Bd2 O-O 7. O-O-O Re8 8. Bc4 d6 9. Nf3 Be6 10. Bxe6 Rxe6 11.
Ng5 Re8 12. Qg3 Ne5 13. a3 Ba5 14. b3 h6 15. h4 Qd7 16. f3 Qc6 17. Kb2 Qb6 18. Ka2 Qc6 19. Kb2 Qb6 20. Na4 Qd4+ 21. Bc3 Bxc3+ 22. Nxc3 Qc5 23. Nh3 b5 24. Qf2 Qc6 25.
Nf4 a5 26. Ncd5 Nfd7 27. Qd4 a4 28. Qc3 Qxc3+ 29. Nxc3 axb3 30. cxb3 Rab8 31. Nfd5 Rb7 32. Rd2 Reb8 33. Rhd1 Kf8 34. Nb4 Nc5 35. Kc2 Ke8 36. f4 Ned7 37. Nc6 Ra8 38. Kb2 Nb6 39. e5 Nc8 40. f5 Nd7 41. e6 Nf6 42. exf7+ Kxf7 43. Nd8+ 1-0

[Event "Early-Titled-Tuesday-Blitz-February-13-2024"]
[Site "Chess.com"]
[Date "2024.02.13"]
[Round "5"]
[White "wadsy27"]
[Black "bitter-cikolata"]
[Result "0-1"]
[WhiteElo "2615"]
[BlackElo "2503"]
[TimeControl "180+1"]
[EndTime "9:00:19 PST"]
[Termination "bitter-cikolata won by resignation"]

1. e4 e5 2. Nf3 Nc6 3. Nc3 Nf6 4. d4 exd4 5. Nxd4 Bb4 6. Nxc6 bxc6 7. Bd3 O-O 8. O-O d6 9. Bg5 h6 10. Bh4 Re8 11.
h3 g5 12. Bg3 Bxc3 13. bxc3 Nxe4 14. Qh5 Qf6 15. Rae1 Bf5 16. h4 Qg6 17. Qf3 d5 18. Bxc7 gxh4 19. Re3 Kh7 20. Rfe1 Rg8 21. g3 Rg7 22. Be5 f6 23. Bf4 Rag8 24. Qh1 hxg3 25. fxg3 h5 26. Qh4 Qg4 27. Qxg4 Rxg4 28. Kh2 h4 29.
Rf1 hxg3+ 30. Kg2 Kg6 31. Bxg3 Kf7 32. Rxf5 Rxg3+ 33. Rxg3 Rxg3+ 34. Kh2 Rg5 35. Bxe4 dxe4 36. Rf4 f5 37. Rh4 Kf6 38. Rh7 a5 39. Ra7 f4 40.
Rc7 Rc5 41. Rc8 Rxc3 42. Kg2 Rxc2+ 43. Kf1 Ke5 44. Re8+ Kd4 45. Rd8+ Ke3 0-1

[Event "Early-Titled-Tuesday-Blitz-February-13-2024"]
[Site "Chess.com"]
[Date "2024.02.13"]
[Round "5"]
[White "SergioMoralesG"]
[Black "itsdsyr"]
[Result "0-1"]
[WhiteElo "2489"]
[BlackElo "2328"]
[TimeControl "180+1"]
[EndTime "9:00:19 PST"]
[Termination "itsdsyr won on time"]

1. d4 Nf6 2. c4 e6 3. Nf3 b6 4. g3 Ba6 5. b3 Bb4+ 6. Bd2 Be7 7. Bc3 O-O 8. Nbd2 d5 9. Bg2 Bb7 10. O-O Nbd7 11. a3 c5 12. Rc1 cxd4 13. Nxd4 Bxa3 14. Ra1 Be7 15. Qb1 a6 16. Rd1 Qc7 17. Qb2 Nc5 18.
N4f3 Rfd8 19. h3 dxc4 20. bxc4 Nce4 21. Be5 Qc5 22. Bd4 Qc8 23. Bxb6 Rd7 24. Rac1 Bc5 25.
e3 Qc6 26. Bxc5 Qxc5 27. Ne5 Rxd2 28. Rxd2 Nxd2 29. Qxb7 Rf8 30. Nd7 Nxd7 31. Qxd7 a5 32. Qxd2 h6 33. Qd4 Qa3 34. Rd1 Rc8 35. h4 a4 36. Be4 Qc5 37. Bb1 Qe7 0-1

[Event "Early-Titled-Tuesday-Blitz-February-13-2024"]
[Site "Chess.com"]
[Date "2024.02.13"]
[Round "5"]
[White "carloseduar100"]
[Black "abelmat"]
[Result "1-0"]
[WhiteElo "2352"]
[BlackElo "2082"]
[TimeControl "180+1"]
[EndTime "9:00:19 PST"]
[Termination "carloseduar100 won on time"]

1. d4 d5 2. c3 Nf6 3. Bg5 e6 4. Nd2 Be7 5. Ngf3 Nbd7 6. e3 h6 7. Bh4 O-O 8. Bd3 b6 9. a3 Bb7 10.
Qe2 c5 11. e4 dxe4 12. Nxe4 Nxe4 13. Bxe7 Qxe7 14. Bxe4 Bxe4 15. Qxe4 Nf6 16. Qh4 cxd4 17. Nxd4 Rfd8 18. O-O-O Rac8 19. g4 Nd5 20. Qxe7 Nxe7 21. h4 g6 22. Kc2 a6 23. Rhe1 Nd5 24. Re4 b5 25. g5 h5 26. Kb3 Ne7 27. Rde1 Rd6 28.
R1e2 Nc6 29. Nxc6 Rcxc6 30. a4 bxa4+ 31. Rxa4 Rb6+ 32. Kc2 Kf8 33. c4 Rbc6 34. Kc3 Rd1 35.
b3 Rh1 36. Re4 Rf1 37. Rf4 Ke7 38. Rb4 Rc7 39. Rb6 a5 40. Ra6 Rc1+ 41. Kb2 Re1 42.
Rxa5 Re2+ 43. Kc3 Re1 44. Ra2 e5 45. Rf3 Ke6 46. Ra6+ Ke7 47. Raf6 Ke8 48. Re3 Rxe3+ 49. fxe3 Ke7 50. b4 e4 51. b5 Rd7 52. c5 Rd3+ 53. Kc4 Rxe3 54. c6 Re1 55. b6 Rc1+ 56. Kd4 1-0

[Event "Early-Titled-Tuesday-Blitz-February-13-2024"]
[Site "Chess.com"]
[Date "2024.02.13"]
[Round "5"]
[White "LangesNasenhaar"]
[Black "Louis-Paulsen-Fan"]
[Result "1-0"]
[WhiteElo "2456"]
[BlackElo "2265"]
[TimeControl "180+1"]
[EndTime "9:00:19 PST"]
[Termination "LangesNasenhaar won by resignation"]

1. d4 d5 2. Nf3 e6 3. g3 c5 4.
Bg2 Nc6 5. O-O Nf6 6. c4 dxc4 7. Ne5 Nxe5 8. dxe5 Qxd1 9. Rxd1 Nd7 10. f4 Rb8 11. a4 a6 12. a5 Be7 13. Nd2 b5 14. axb6 Nxb6 15. Bc6+ Kf8 16. Ne4 g6 17. Be3 Nd5 18.
Bxc5 Rxb2 19. Nd6 Bxd6 20. exd6 Rxe2 21. d7+ Kg7 22. dxc8=Q Rxc8 23. Bd4+ f6 24. Rxa6 c3 25.
Rc1 c2 26. Bxd5 exd5 27. Ra7+ Kg8 28. Bxf6 Rd2 29. Raa1 d4 30. Re1 d3 31. f5 gxf5 32. Bg5 Re2 33. Rxe2 dxe2 34. Kf2 Rb8 35. Rc1 Rb2 36.
Kxe2 Kf7 37. Kd2 Kg6 38. Bf4 Kh5 39. Rxc2 Rb1 40. h4 Kg4 41. Ke3 Re1+ 42. Kd4 Re4+ 43.
Kd5 Re1 44. Rc7 h5 45. Rg7+ Kf3 46. Rg5 1-0

[Event "Early-Titled-Tuesday-Blitz-February-13-2024"]
[Site "Chess.com"]
[Date "2024.02.13"]
[Round "5"]
[White "Agibileg"]
[Black "secretsuperstar7"]
[Result "1-0"]
[WhiteElo "2725"]
[BlackElo "2515"]
[TimeControl "180+1"]
[EndTime "9:00:20 PST"]
[Termination "Agibileg won on time"]

1. d4 d5 2. c4 e6 3. Nc3 c6 4.
Nf3 Nf6 5. Bg5 Nbd7 6. cxd5 exd5 7. e3 h6 8. Bh4 Be7 9. Bd3 Ne4 10. Bxe7 Qxe7 11.
O-O O-O 12. Qc2 f5 13. Rab1 b6 14. Rfe1 Bb7 15. Nd2 c5 16. dxc5 Ndxc5 17. Bf1 Rac8 18. f3 Nxc3 19. bxc3 Qf6 20. c4 d4 21. exd4 Qxd4+ 22. Kh1 Rcd8 23. Nb3 Qd6 24. Nxc5 Qxc5 25. Rb5 Qc8 26.
Re7 Ba6 27. Rbe5 Rd7 28. Qc3 Rxe7 29. Rxe7 Rf6 30. Rxa7 b5 31. c5 Kh8 32. Qd4 Qe8 33. Qf2 Qe5 34. h3 Rg6 35. a4 bxa4 36. Bxa6 Qa1+ 37.
Kh2 Qe5+ 38. f4 Qe4 39. Bb7 Qc4 40. c6 h5 41. Ra8+ Kh7 42. Qh4 1-0

[Event "Early-Titled-Tuesday-Blitz-February-13-2024"]
[Site "Chess.com"]
[Date "2024.02.13"]
[Round "5"]
[White "tandaleo"]
[Black "akanga001"]
[Result "1-0"]
[WhiteElo "2538"]
[BlackElo "2023"]
[TimeControl "180+1"]
[EndTime "9:00:20 PST"]
[Termination "tandaleo won by resignation"]

1. d4 d5 2. c4 e6 3. Nf3 a6 4. Nbd2 Nf6 5. e3 dxc4 6. Bxc4 b5 7. Be2 Bb7 8. b3 c5 9. Bb2 cxd4 10. Nxd4 Be7 11. O-O Nbd7 12. Bf3 Bxf3 13. Qxf3 Ne5 14. Qg3 Ng6 15. Rfd1 O-O 16. a4 bxa4 17. Rxa4 Qb6 18.
Nc4 Qb7 19. Na5 Qe4 20. Rc1 Rfc8 21. Ndc6 Qd3 22. Rd4 Qb5 23. Rdc4 Re8 24. Nxe7+ Rxe7 25. Rc5 Qb4 26. Bxf6 gxf6 27. h4 Kh8 28. h5 Ne5 29.
Rc8+ Re8 30. Rxa8 Rxa8 31. h6 Rg8 32. Rc8 Ng6 33. Rxg8+ Kxg8 34. Nc6 Qf8 35. Qb8 f5 36. Qxf8+ Kxf8 37. Nb8 a5 38. Nc6 Ke8 39. Nxa5 Kd7 40. Nc4 Kc6 41. Nb2 Kc5 42. Nd3+ Kd5 43. Kf1 e5 44.
Ke2 e4 45. Ne1 Kc5 46. Nc2 Ne5 47. Nd4 f4 48. b4+ Kc4 49. b5 Nd7 50. Kd2 fxe3+ 51. fxe3 Nb6 52. Nf5 Kxb5 53. Nd6+ Kc5 54. Nxf7 Kd5 55.
Ng5 Nd7 56. Nxh7 Ke5 57. Ng5 Kf5 58. h7 Kxg5 59. h8=Q Kf5 60. Qh7+ Ke5 61. Qxd7 Kf6 62. Qg4 Ke5 63. Qf4+ Kd5 64. Qf5+ Kc4 65. Qxe4+ 1-0

[Event "Early-Titled-Tuesday-Blitz-February-13-2024"]
[Site "Chess.com"]
[Date "2024.02.13"]
[Round "5"]
[White "BlueWizzard"]
[Black "M1711"]
[Result "1-0"]
[WhiteElo "2874"]
[BlackElo "2647"]
[TimeControl "180+1"]
[EndTime "9:00:21 PST"]
[Termination "BlueWizzard won by resignation"]

1. d4 Nf6 2. Nc3 d5 3. Nf3 c5 4. Bg5 Nc6 5. e3 cxd4 6. exd4 Bg4 7. h3 Bxf3 8. Qxf3 Nxd4 9. Qd3 e5 10. O-O-O h6 11.
f4 hxg5 12. fxe5 Bc5 13. Na4 Ne4 14. Nxc5 Nxc5 15. Qxd4 Ne6 16. Qb4 Qe7 17. Qb3 O-O-O 18. Be2 Kb8 19. Bf3 Qc7 20. Bxd5 Nc5 21. Qc4 Rhe8 22.
Bxf7 Rxd1+ 23. Rxd1 Rxe5 24. Bh5 a6 25. Bf3 Ne6 26.
Qb4 Nc5 27. b3 Re3 28. Kb2 Re5 29. Rd4 Ne6 30. Rc4 Rc5 31. Rxc5 Nxc5 32. Qd4 Qe7 33. Bd5 Kc7 34. b4 Nd7 35. Kc3 Nb6 36. Bb3 Qf6 37. a3 Nd7 38. Kd3 Ne5+ 39. Ke4 Qf4+ 40.
Kd5 Qxd4+ 41. Kxd4 Kd6 42. c4 Nc6+ 43. Ke4 b6 44.
Ba4 Ne7 45. Bc2 Ke6 46. c5 bxc5 47. bxc5 Kd7 48. Ba4+ Ke6 49. Be8 Kf6 50. Bd7 Kf7 51.
Ke5 Ng6+ 52. Kd6 Nf4 53. c6 Nxg2 54. c7 1-0

[Event "Early-Titled-Tuesday-Blitz-February-13-2024"]
[Site "Chess.com"]
[Date "2024.02.13"]
[Round "5"]
[White "andrzej"]
[Black "GaiozNigalidze"]
[Result "1-0"]
[WhiteElo "2499"]
[BlackElo "2688"]
[TimeControl "180+1"]
[EndTime "9:00:21 PST"]
[Termination "andrzej won on time"]

1. e4 c5 2. Nf3 d6 3. d4 cxd4 4. Nxd4 Nf6 5. Nc3 a6 6. Be3 e5 7.
Nb3 Be6 8. h3 Be7 9. Qf3 Nbd7 10. g4 h6 11. O-O-O Rc8 12. Nd5 Bxd5 13. exd5 Qc7 14. Bd3 Nb6 15. Bf5 Ra8 16. Kb1 a5 17. a3 Nc4 18. Bc1 b5 19. h4 a4 20. Nd2 g6 21.
Bd3 Rc8 22. g5 Nh5 23. Ne4 b4 24. axb4 a3 25. bxa3 Ra8 26. Bxc4 Qxc4 27. Qd3 Qc7 28. gxh6 O-O 29. Rhg1 Kh7 30. Ng5+ Bxg5 31. hxg5 Rfc8 32.
Rg4 Nf4 33. Rxf4 exf4 34. Bb2 Qc4 35. Qd2 Re8 36. Re1 Rxe1+ 37. Qxe1 Rc8 38. Qd2 Re8 39. Qd1 f3 40. Qxf3 Re1+ 41. Bc1 Re2 42. Qxf7+ 1-0

[Event "Early-Titled-Tuesday-Blitz-February-13-2024"]
[Site "Chess.com"]
[Date "2024.02.13"]
[Round "5"]
[White "Brave_spirit12"]
[Black "ProChessWICTH"]
[Result "1-0"]
[WhiteElo "2750"]
[BlackElo "2518"]
[TimeControl "180+1"]
[EndTime "9:00:21 PST"]
[Termination "Brave_spirit12 won by resignation"]

1. e4 c5 2. c3 Nf6 3. e5 Nd5 4. d4 cxd4 5. Nf3 e6 6. Qxd4 Nc6 7. Qe4 f5 8. Qe2 Be7 9. g3 O-O 10. Bg2 b6 11. c4 Nc7 12. O-O Bb7 13. Nc3 Na6 14.
h4 Nc5 15. Bf4 Nb4 16. Rad1 Ne4 17. Nxe4 Bxe4 18. a3 Nc6 19. b4 Rc8 20. Rd2 Qc7 21. Rfd1 Nb8 22. Rd4 a5 23. Bg5 Bxg5 24. Nxg5 Bxg2 25.
Kxg2 h6 26. Qh5 Qxe5 27. Qg6 hxg5 28. hxg5 f4 29. Qh5 fxg3 30. f3 Rf5 31. f4 Rxf4 32. Rxf4 Qxf4 33. Rf1 Qe4+ 34. Kxg3 Qe5+ 35. Kg2 Rf8 36.
c5 Rxf1 37. Kxf1 Qf5+ 38. Kg1 Nc6 39. Qe8+ Kh7 40. Qh5+ Kg8 41. Qe8+ Qf8 42. Qxd7 Ne5 43. Qxe6+ Kh7 44. Qxe5 axb4 45. axb4 bxc5 46. bxc5 Qc8 47. Qe4+ g6 48. c6 Qc7 49. Kg2 Kg7 50. Qd4+ Kf7 51. Qd5+ Ke7 52. Kf3 Qd6 53. Qxd6+ Kxd6 54. Ke4 Kxc6 55.
Ke5 Kd7 56. Kf6 Ke8 57. Kxg6 Kf8 58. Kh7 1-0

[Event "Early-Titled-Tuesday-Blitz-February-13-2024"]
[Site "Chess.com"]
[Date "2024.02.13"]
[Round "5"]
[White "MyDream003"]
[Black "artooon"]
[Result "0-1"]
[WhiteElo "2714"]
[BlackElo "3026"]
[TimeControl "180+1"]
[EndTime "9:00:22 PST"]
[Termination "artooon won on time"]

1. e4 e5 2. Nf3 Nc6 3. Bb5 a6 4. Ba4 Nf6 5. O-O Bc5 6. c3 O-O 7. d4 Ba7 8. Re1 d6 9. h3 Re8 10. Bc2 h6 11. Be3 exd4 12. Bxd4 Nxd4 13. cxd4 b5 14. Nbd2 Bb7 15. Rc1 c5 16. d5 c4 17. Nf1 Bc5 18. Ng3 Qb6 19. Qd2 a5 20.
a3 b4 21. Ba4 Rec8 22. Nf5 Kf8 23. Nxh6 c3 24. bxc3 bxc3 25. Qf4 Bxf2+ 26. Kh1 Bxe1 27. Rxe1 c2 28. Nf5 c1=Q 29. Rxc1 Rxc1+ 30. Qxc1 Bc8 31. Nxg7 Bxh3 32. Qh6 Qb1+ 33. Ng1 Bxg2+ 34. Kxg2 Qxe4+ 35. Kf1 Ke7 36. Qg5 Qxa4 37. Nf5+ Kd7 38. Qxf6 Qd1+ 39.
Kf2 Qxd5 40. Nf3 Re8 41. Qg5 Re4 0-1

[Event "Early-Titled-Tuesday-Blitz-February-13-2024"]
[Site "Chess.com"]
[Date "2024.02.13"]
[Round "5"]
[White "shimastream"]
[Black "GianmarcoVaR"]
[Result "0-1"]
[WhiteElo "2986"]
[BlackElo "2728"]
[TimeControl "180+1"]
[EndTime "9:00:23 PST"]
[Termination "GianmarcoVaR won by resignation"]

1. d4 Nf6 2. c4 e6 3. Bf4 Bb4+ 4. Nd2 d5 5. Qa4+ Nc6 6. Nf3 O-O 7. a3 Bxd2+ 8. Bxd2 Ne4 9. Rd1 Bd7 10. Qc2 Nxd2 11. Rxd2 a5 12. e4 Qe7 13. Bd3 dxc4 14. Bxc4 e5 15.
Nxe5 Nxe5 16. dxe5 Bc6 17. f4 Rad8 18. Bd5 Bxd5 19. exd5 f6 20. e6 Rxd5 21. f5 Rc5 22. Qb1 Re5+ 23. Kd1 Rd8 24. Qc2 Rxd2+ 25. Kxd2 Qd6+ 26.
Kc1 Rc5 27. Rd1 Rxc2+ 28. Kxc2 Qc5+ 29. Kb3 Kf8 30. g4 a4+ 31. Ka2 Qc4+ 32. Ka1 Qxg4 33. Rd8+ Ke7 34. Rd7+ Ke8 35. Rd5 Qg1+ 36. Ka2 Qxh2 37.
Ra5 Qc2 38. Ka1 h5 39. Ra8+ Ke7 40. Rg8 Qxf5 41. Rxg7+ Kxe6 42. Rxc7 h4 43. Rxb7 h3 44.
Rb6+ Kf7 45. Rb7+ Kg6 46. Rb8 h2 47. Rh8 Qh5 0-1

[Event "Early-Titled-Tuesday-Blitz-February-13-2024"]
[Site "Chess.com"]
[Date "2024.02.13"]
[Round "5"]
[White "Kunalm64"]
[Black "egnfanclub"]
[Result "0-1"]
[WhiteElo "2522"]
[BlackElo "2369"]
[TimeControl "180+1"]
[EndTime "9:00:23 PST"]
[Termination "egnfanclub won by resignation"]

1. e4 e5 2. Nf3 Nc6 3. Bb5 a6 4. Ba4 d6 5. c4 f5 6. exf5 Bxf5 7. O-O Bd3 8. Re1 Be7 9. Bc2 Bxc2 10. Qxc2 Nf6 11.
b3 O-O 12. Bb2 Qd7 13. h3 e4 14. Rxe4 Nxe4 15. Qxe4 Bf6 16. Bxf6 Rxf6 17. Nc3 Re8 18. Qd5+ Kh8 19. Qh5 Qf7 20. Qg4 Ne5 21. Nxe5 dxe5 22. Ne4 Rf4 23. Qe2 Qg6 24. d3 h6 25. Qe3 b6 26. b4 Rd8 27. a4 Rxd3 28. Qxd3 Qxe4 29.
Qd8+ Kh7 30. Qxc7 Qxc4 31. Qxb6 Qxb4 32. Qxa6 Qd4 33. Rf1 Qxa4 34. Qe6 Qe4 35. g3 Rf6 36. Qe7 Qf5 37. h4 e4 38. Qa7 Qf3 39. Qe3 Qxe3 40. fxe3 Rxf1+ 41. Kxf1 Kg6 42. g4 h5 43. gxh5+ Kxh5 44. Kg2 Kxh4 45. Kh2 Kg4 46. Kg2 g5 47. Kf2 Kh3 48.
Ke2 Kg2 49. Kd2 Kf2 50. Kc3 Kxe3 51. Kc4 g4 52. Kc5 g3 53. Kc6 g2 54. Kc7 g1=Q 55.
Kc8 Qd1 0-1

[Event "Early-Titled-Tuesday-Blitz-February-13-2024"]
[Site "Chess.com"]
[Date "2024.02.13"]
[Round "5"]
[White "CFN_Good_Evening"]
[Black "Semetey"]
[Result "1-0"]
[WhiteElo "2083"]
[BlackElo "2640"]
[TimeControl "180+1"]
[EndTime "9:00:24 PST"]
[Termination "CFN_Good_Evening won on time"]

1. e4 e5 2. Nf3 Nc6 3. Bb5 a6 4. Ba4 Nf6 5. O-O Be7 6. d3 b5 7. Bb3 O-O 8. Re1 d6 9. c3 Bg4 10. h3 Bh5 11. Nbd2 Na5 12. Bc2 c5 13. Nf1 Nc6 14.
Ng3 Bg6 15. Nh4 d5 16. Nhf5 Re8 17. Qe2 h6 18. h4 Bf8 19. h5 Bh7 20. Qf3 dxe4 21.
dxe4 Nd7 22. a4 Qc7 23. Qg4 Kh8 24. Qe2 c4 25. Be3 Nc5 26. Red1 Ne6 27. b3 Nf4 28.
Qf3 Na5 29. b4 Nb3 30. Ra3 a5 31. axb5 axb4 32. Rxa8 Rxa8 33. cxb4 Bxb4 34. Ne2 Ne6 35. b6 Qc6 36. Rb1 Bc5 37. Bxb3 cxb3 38. Rxb3 Ng5 39. Bxg5 hxg5 40. h6 Bxf5 41. hxg7+ Kxg7 42. Qxf5 Ra1+ 43. Kh2 Qh6+ 44. Rh3 Qf6 45. Rh7+ Kg8 46. Qxf6 1-0